 Seeded DCSS version 0.30-a0-292-g0f741e3f8e (webtiles) character file.

Game seed: 10786124958312911374 (custom seed)

84 valliere the Chopper (level 4, -3/40 HPs)
             Began as a Minotaur Monk on Oct 18, 2022.
             Slain by a gnoll
             ... wielding the +14 obsidian axe {vorpal, Mesm Drain Fly SInv}
              (12 damage)
             ... on level 2 of the Dungeon.
             The game lasted 00:04:08 (1342 turns).

valliere the Chopper (Minotaur Monk)                Turns: 1342, Time: 00:04:09

Health: -3/40      AC:  7    Str: 18    XL:     4   Next: 23%
Magic:  3/3        EV: 10    Int:  7    God:
Gold:   49         SH:  0    Dex: 12    Spells: 3/3 levels left

rFire   . . .      SeeInvis .    a - +0 hand axe
rCold   . . .      Faith    .    (no shield)
rNeg    . . .      Spirit   .    d - +0 scale mail
rPois   .          Reflect  .    (helmet restricted)
rElec   .          Harm     .    (no cloak)
rCorr   .          Rampage  .    (no gloves)
Will    .....                    l - +0 pair of boots
Stlth   ..........               (no amulet)
HPRegen 0.26/turn                (no ring)
MPRegen 0.08/turn                (no ring)

@: invisible
A: horns 2, retaliatory headbutt
a: no special abilities


You were on level 2 of the Dungeon.
You visited 1 branch of the dungeon, and saw 2 of its levels.

You collected 49 gold pieces.

Inventory:

Hand Weapons
 a - a +0 hand axe (weapon)
Missiles
 j - 16 stones (quivered)
Armour
 b - a +0 robe
 d - a +0 scale mail (worn)
 l - a +0 pair of boots (worn)
Scrolls
 e - a scroll of fear {unknown}
 f - a scroll of poison
 h - a scroll of noise {unknown}
 m - a scroll of blinking
 n - a scroll of summoning {unknown}
 p - a scroll of enchant weapon {unknown}
 t - a scroll of vulnerability {unknown}
Potions
 c - 2 potions of ambrosia
 g - 2 potions of curing
 o - a potion of berserk rage
 q - 2 potions of lignification
 r - a potion of brilliance
 s - a potion of resistance


   Skills:
 + Level 4.2 Fighting
 * Level 4.8 Axes
 + Level 1.9 Armour
 + Level 3.8 Dodging
 - Level 1.5 Stealth


You had 3 spell levels left.
You didn't know any spells.
Your spell library contained the following spells:

 Spells                   Type           Power      Damage    Failure   Level
 Summon Forest            Summ/Tloc      0%         N/A       100%        5
 Summon Mana Viper        Hex/Summ       0%         N/A       100%        5
 Summon Cactus Giant      Summ           0%         N/A       100%        6
 Borgnjor's Revivificati  Necr           0%         N/A       100%        8
 Necromutation            Tmut/Necr      0%         N/A       100%        8
 Death's Door             Necr           0%         N/A       100%        9


Dungeon Overview and Level Annotations

Branches:
Dungeon (2/15)

Altars:


Innate Abilities, Weirdness & Mutations

You have a pair of horns on your head.
You reflexively headbutt those who attack you in melee.


Message History

The gnoll hits you but does no damage.
You feel yourself speed up.
The gnoll hits you from afar with a +0 spear.
The gnoll hits you but does no damage.
The gnoll hits you from afar with a +0 spear.
The gnoll hits you but does no damage. The gnoll completely misses you.
The gnoll hits you from afar with a +0 spear.
Your transformation is almost over.
The gnoll completely misses you.
The gnoll hits you from afar with a +0 spear.
The gnoll hits you but does no damage. The gnoll hits you but does no damage.
The gnoll hits you from afar with a +0 spear.
The gnoll hits you from afar with a +0 spear.
You recover from your berserk rage.
The gnoll hits you but does no damage. The gnoll hits you but does no damage.
The gnoll hits you but does no damage. The gnoll hits you but does no damage.
You feel less wooden.
Your +0 pair of boots unmelds from your body.
Your +0 scale mail unmelds from your body.
The gnoll hits you from afar with a +0 spear.
The gnoll hits you but does no damage.
The gnoll hits you from afar with a +0 spear.
The gnoll hits you from afar with a +0 spear.
The gnoll hits you from afar with a +0 spear.
The gnoll misses you. You furiously retaliate!
You headbutt the gnoll. You hit the gnoll.
The gnoll is heavily wounded.
The gnoll hits you with a +0 spear.
* * * LOW HITPOINT WARNING * * *
You slash the gnoll!
You kill the gnoll!
Okay, then.
You fade into invisibility!
The gnoll barely misses you.
The gnoll hits you with the +14 obsidian axe {vorpal, Mesm Drain Fly SInv}!
You die...

#..)........#
#.............
#...........##
#...........#
#...........#
#....)......# ≈
#...........# ≈≈~
#...........#######
≈≈~.##..........@g...†.##
≈~~.##...........#####..##
≈~..#####.#.###### ##..#
≈~.#####...## ##.##
~~....##...# #.g##
~88...##...# ##..#
....).###### ##.#
......##### #g#
~88.......# ........#


You could see a gnoll.

Vanquished Creatures
  2 gnolls
  A worm (D:2)
  4 dart slugs
  5 endoplasms
  5 hobgoblins
  6 kobolds
  2 quokkas
  7 ball pythons
  10 bats
  2 frilled lizards (D:2)
  3 goblins
  4 rats (D:1)
51 creatures vanquished.

Notes
Turn   | Place    | Note
-------+----------+-------------------------------------------
     0 | D:1      | valliere the Minotaur Monk began the quest for the Orb.
     0 | D:1      | Reached XP level 1. HP: 19/19 MP: 0/0
   210 | D:1      | Reached XP level 2. HP: 27/27 MP: 1/1
   215 | D:1      | Reached skill level 1 in Armour
   326 | D:1      | Reached XP level 3. HP: 33/33 MP: 2/2
  1204 | D:2      | Reached XP level 4. HP: 38/40 MP: 3/3
  1342 | D:2      | Slain by a gnoll

Illustrated notes

Levels and vault maps discovered:
D:1:      shiori_arrival_elements, layout_basic
D:2:      wander_river, layout_basic, pf_guarded_unrand_woodcutter,
          uniq_sigmund, uniq_terence

Skill      XL: |  1  2 |
---------------+-------+-----
Axes           | 4 |  4.8
Armour         | 1 |  1.9
Fighting       | 4 |  4.2
Dodging        | |  3.8
Stealth        | |  1.5

Action                   |  1- 3 |  4- 6 || total
-------------------------+-------+-------++-------
Melee: Hand axe          |    85 |     8 ||    93
       Headbutt          |    14 |     1 ||    15
  Use: Scroll            |     1 |     5 ||     6
       Potion            |       |     3 ||     3
Armor: Scale mail        |    29 |     5 ||    34
       Robe              |     2 |       ||     2
       Skin              |       |    33 ||    33
Dodge: Dodged            |    48 |     9 ||    57

Table legend: (Time is in decaauts)
 A = Elapsed time spent in this place.
 B = Non-inter-level travel time spent in this place.
 C = Inter-level travel time spent in this place.
 D = Time resting spent in this place.
 E = Time spent auto-exploring this place.
 F = Levels seen in this place.
 G = Mean time per level.
                   A        B        C        D        E       F      G
               +--------+--------+--------+--------+--------+-----+--------+
         Total |   1361 |   1293 |     68 |      0 |    899 |   2 |  680.5 |
       Dungeon |   1361 |   1293 |     68 |      0 |    899 |   2 |  680.5 |
               +--------+--------+--------+--------+--------+-----+--------+

Top non-repeatable levels by time:
     D:1: 990 daAuts
     D:2: 370 daAuts
